 Dungeon Crawl Stone Soup version 0.23.2 (webtiles) character file.

Game seed: 7377899544931547019

1439 Marnok the Slasher (level 9, -2/68 HPs)
             Began as a Human Fighter on Apr 2, 2019.
             Killed from afar by Dowan (10 damage)
             ... with a shard of ice
             ... on level 6 of the Dungeon.
             The game lasted 00:14:23 (5006 turns).

Marnok the Slasher (Human Fighter)                  Turns: 5006, Time: 00:14:23

Health: -2/68      AC: 13    Str: 20    XL:     9   Next: 4%
Magic:  9/9        EV:  5    Int:  9    God:
Gold:   246        SH: 10    Dex: 12    Spells: 8/8 levels left

rFire    + + .     SeeInvis .   a - +1 long sword
rCold    . . .     Gourm    .   c - +0 shield
rNeg     . . .     Faith    .   r - +1 plate armour
rPois    .         Spirit   .   (no helmet)
rElec    .         Reflect  .   q - scarf {rC+ rF+}
rCorr    .         Harm     .   (no gloves)
MR       +....                  (no boots)
Stlth    ..........             m - amulet of rage
HPRegen  0.21/turn              g - ring of fire
MPRegen  0.11/turn              n - ring of protection from magic

@: very slightly contaminated
A: no striking features
a: Evoke Berserk Rage


You were on level 6 of the Dungeon.
You were hungry.

You visited 1 branch of the dungeon, and saw 6 of its levels.

You collected 246 gold pieces.

Inventory:

Hand Weapons
 a - a +1 long sword (weapon)
 i - a +0 shortbow
 l - a +0 mace
 o - a +0 rapier of venom
 z - a +1 flail of crushing
Missiles
 j - 32 arrows
Armour
 b - a +0 scale mail
 c - a +0 shield (worn)
 q - a scarf of resistance (worn)
 r - a +1 plate armour (worn)
 A - a +1 scale mail of fire resistance
Jewellery
 g - a ring of fire (left hand)
 m - an amulet of rage (around neck)
 n - a ring of protection from magic (right hand)
 v - an uncursed ring of wizardry
Wands
 y - a wand of random effects (16)
Scrolls
 d - 2 scrolls of blinking
 h - a scroll of teleportation
 s - 5 scrolls of remove curse
 u - a scroll of fog
 x - a scroll of magic mapping
Comestibles
 f - 15 rations
 k - a chunk of flesh


   Skills:
 + Level 5.1 Fighting
 + Level 6.8 Long Blades
 + Level 5.2 Armour
 + Level 2.0 Dodging
 + Level 0.3 Stealth
 + Level 5.6 Shields
 + Level 0.6 Evocations


You had 8 spell levels left.
You didn't know any spells.
Your spell library was empty.

Dungeon Overview and Level Annotations

Branches:
Dungeon (6/15)             Temple (0/1) D:6

Altars:
Cheibriados
Elyvilon
Makhleb
Nemelex Xobeh
Trog
Uskayaw
Vehumet
Yredelemnul
Zin

Annotations:
D:4 3 runed translucent doors, P0WERM0DE's ghost, amateur MiFi
D:6 Dowan


Message History

Dowan gestures at you while chanting. The stone arrow hits you!
Dowan mumbles some strange words.
Dowan blinks!
Dowan mumbles some strange words.
Dowan blinks!
You are feeling hungry.
Dowan casts a spell at you.
The stone arrow hits you but does no damage.
Dowan casts a spell at you. The stone arrow hits you!!
Dowan gestures at you while chanting. The shard of ice hits you!
* * * LOW HITPOINT WARNING * * *
You block Dowan's attack. x2
You closely miss Dowan.
Dowan is severely wounded.
Dowan casts a spell at you. The shard of ice hits you!
You die...

.#........ .... ### ##..###
...##.........### #.## ##.....#
##............#######..###.......
...#............#..#....###......
.#.#........#..........###....###
.#.........##..................##
....#......##..............รท.....
.##.#....# #.........)....#.....
.........# #..e@.....<....#..##.
...##....##...####............##.
........#### #....##...#.####
...#.#### #....###..#.## #>#..#
##....# #.....# #.#..#
.......#####..# .....#######
...............# ............
..........#.....# ..##.......
#....#......##...#


You could see Dowan.

Vanquished Creatures
  Edmund (D:6)
  Duvessa (D:6)
  3 ogres
  2 sky beasts
  A centaur (D:3)
  Blork the orc (D:6)
  2 bullfrogs (D:6)
  2 scorpions
  A crimson imp (D:5)
  2 hounds
  2 bullfrog skeletons (D:4)
  4 worker ants
  A hound skeleton (D:5)
  A worker ant zombie (D:4)
  6 adders
  2 shadow imps (D:6)
  An ooze (D:5)
  An adder zombie (D:5)
  An adder skeleton (D:6)
  3 worms
  A dart slug (D:2)
  4 leopard geckos
  10 orcs
  A ball python (D:3)
  7 bats
  14 giant cockroaches
  6 goblins
  7 hobgoblins
  13 jackals
  3 quokkas
  5 frilled lizards
  11 kobolds
  A leopard gecko skeleton (D:5)
  9 rats
130 creatures vanquished.

Notes
Turn   | Place    | Note
-------+----------+-------------------------------------------
     0 | D:1      | Marnok the Human Fighter began the quest for the Orb.
     0 | D:1      | Reached XP level 1. HP: 18/18 MP: 1/1
   176 | D:1      | Reached XP level 2. HP: 21/24 MP: 2/2
   665 | D:2      | Reached XP level 3. HP: 25/29 MP: 3/3
   974 | D:2      | Reached XP level 4. HP: 35/35 MP: 4/4
  1211 | D:2      | Reached skill level 3 in Long Blades
  1500 | D:2      | Reached XP level 5. HP: 41/41 MP: 5/5
  1790 | D:3      | Noticed a centaur
  1809 | D:3      | Killed a centaur
  1904 | D:3      | Reached skill level 4 in Long Blades
  1907 | D:3      | Reached XP level 6. HP: 45/47 MP: 6/6
  2120 | D:3      | Found a hide-covered altar of Uskayaw.
  2338 | D:4      | Reached skill level 1 in Dodging
  2411 | D:4      | Found a runed translucent gate.
  2411 | D:4      | Found a runed translucent gate.
  2413 | D:4      | Found a runed translucent gate.
  2414 | D:4      | Noticed P0WERM0DE's ghost (amateur MiFi)
  2447 | D:4      | Found a radiant altar of Vehumet.
  2450 | D:4      | Found a bloodstained altar of Trog.
  2549 | D:4      | Noticed an ogre
  2566 | D:4      | HP: 2/48 [ogre/+0 giant spiked club (18)]
  2569 | D:4      | Killed an ogre
  2569 | D:4      | Reached XP level 7. HP: 2/53 MP: 7/7
  3370 | D:4      | Found a glowing silver altar of Zin.
  3370 | D:4      | Found a sparkling altar of Nemelex Xobeh.
  3375 | D:4      | Found a faded altar of an unknown god.
  3377 | D:4      | Found a snail-covered altar of Cheibriados.
  3379 | D:4      | Found a basalt altar of Yredelemnul.
  3446 | D:5      | Entered Level 5 of the Dungeon
  3732 | D:5      | Reached skill level 5 in Long Blades
  3805 | D:5      | Reached XP level 8. HP: 38/61 MP: 8/8
  4449 | D:6      | Reached skill level 5 in Shields
  4479 | D:6      | Reached skill level 6 in Long Blades
  4479 | D:6      | Reached skill level 5 in Armour
  4528 | D:6      | Noticed Blork the orc
  4544 | D:6      | Killed Blork the orc
  4742 | D:6      | Found a staircase to the Ecumenical Temple.
  4868 | D:6      | Reached skill level 5 in Fighting
  4878 | D:6      | Noticed Edmund
  4903 | D:6      | Killed Edmund
  4903 | D:6      | Reached XP level 9. HP: 64/68 MP: 9/9
  4932 | D:6      | Found a burning altar of Makhleb.
  4932 | D:6      | Found a white marble altar of Elyvilon.
  4969 | D:6      | Noticed Duvessa
  4969 | D:6      | Noticed Dowan
  4995 | D:6      | Killed Duvessa
  5006 | D:6      | Killed from afar by Dowan

Skill      XL: |  1  2  3  4  5  6  7  8 |
---------------+-------------------------+-----
Long Blades    | 3 4 5 6 |  6.8
Shields        | 4 5 |  5.6
Dodging        | 1 2 |  2.0
Armour         | 4 5 |  5.2
Fighting       | 4 5 |  5.1
Stealth        | |  0.3
Evocations     | |  0.6

Action                   |  1- 3 |  4- 6 |  7- 9 || total
-------------------------+-------+-------+-------++-------
Melee: Long sword        |    93 |   175 |   298 ||   566
 Abil: Evoke Berserk Rag |       |     1 |     2 ||     3
  Use: Scroll            |     3 |     3 |     7 ||    13
       Potion            |       |     6 |     2 ||     8
 Stab: Invisible         |       |       |     1 ||     1
  Eat: Chunk             |       |     7 |     6 ||    13
       Ration            |       |       |     1 ||     1
Armor: Scale mail        |    42 |    57 |       ||    99
       Plate armour      |       |    31 |   188 ||   219
Dodge: Dodged            |    31 |    68 |    47 ||   146
Block: Shield            |    50 |   131 |   138 ||   319
       Rpst.: Long sword |    13 |    24 |    19 ||    56
